 Dungeon Crawl Stone Soup version 0.31-a0-524-g2a164cf6a2 (webtiles) character file.

Game seed: 1350435365534244491

7809 AdnanSaban the Basher (level 11, -5/68 HPs)
             Began as a Gargoyle Fighter on Aug 12, 2023.
             Was a High Priest of Okawaru.
             Slain by an orc warrior
             ... wielding a +0 war axe
              (12 damage)
             ... on level 10 of the Dungeon.
             The game lasted 00:15:25 (12011 turns).

AdnanSaban the Basher (Gargoyle Fighter)           Turns: 12011, Time: 00:15:26

Health: -5/68      AC: 26    Str: 25    XL:     11   Next: 21%
Magic:  11/11      EV:  8    Int:  8    God:    Okawaru [*****.]
Gold:   427        SH:  5    Dex:  9    Spells: 10/10 levels left

rFire   . . .        P - +0 morningstar
rCold   . . .        c - +0 buckler
rNeg    + . .        A - +0 plate armour
rPois   ∞            (no helmet)
rElec   +            w - +1 cloak
rCorr   +            (no gloves)
SInv    .            p - +0 pair of boots
Will    +....        (no amulet) Stlth
                     l - ring of willpower
HPRegen 0.31/turn    b - ring of resist corrosion
MPRegen 0.12/turn

%: no passive effects
@: no status effects
A: sickness immunity, AC +8, negative energy resistance 1, electricity
resistance, torment resistance 1, petrification resistance
a: Renounce Religion, Heroism, Finesse, Duel


You were on level 10 of the Dungeon.
You worshipped Okawaru.
Okawaru was extremely pleased with you.
You visited 2 branches of the dungeon, and saw 12 of its levels.

You collected 427 gold pieces.

Inventory:

Hand Weapons
 P - a +0 morningstar (weapon)
Missiles
 i - 2 javelins
 r - 26 poisoned darts (quivered)
 H - 2 throwing nets
 I - 7 curare-tipped darts
Armour
 c - a +0 buckler (worn)
 p - a +0 pair of boots (worn)
 w - a +1 cloak (worn)
 A - a +0 plate armour (worn)
 C - a +0 tower shield
Jewellery
 b - a ring of resist corrosion (right hand)
 l - a ring of willpower (left hand)
Wands
 F - a wand of iceblast (26)
 K - a wand of digging (11)
 M - a wand of polymorph (6)
Scrolls
 e - 2 scrolls of immolation {unknown}
 h - 2 scrolls of torment {unknown}
 k - 3 scrolls of identify {unknown}
 n - 4 scrolls of enchant armour {unknown}
 o - a scroll of noise {unknown}
 q - 2 scrolls of revelation {unknown}
 t - 5 scrolls of teleportation {unknown}
 x - 3 scrolls of fog {unknown}
 y - 3 scrolls of vulnerability {unknown}
 z - a scroll of blinking {unknown}
 D - a scroll of enchant weapon {unknown}
 E - a scroll of fear {unknown}
 G - a scroll of butterflies {unknown}
 N - a scroll of poison {unknown}
 Q - 2 scrolls of amnesia {unknown}
Potions
 a - 2 potions of lignification {unknown}
 d - a potion of might
 f - 5 potions of curing
 g - 2 potions of degeneration {unknown}
 j - 2 potions of brilliance {unknown}
 m - 2 potions of attraction {unknown}
 s - a potion of mutation {unknown}
 u - 2 potions of haste {unknown}
 v - a potion of magic {unknown}
 B - a potion of experience {unknown}
 J - 2 potions of invisibility {unknown}
 L - a potion of heal wounds {unknown}
 O - a potion of ambrosia {unknown}


   Skills:
 + Level 7.8 Fighting
 + Level 11.0 Maces & Flails
 + Level 1.7 Throwing
 + Level 10.3 Armour
 + Level 2.4 Dodging
 + Level 1.6 Stealth
 + Level 7.2 Shields


You had 10 spell levels left.
You didn't know any spells.
Your spell library contained the following spells:

 Spells                   Type           Power      Damage    Failure   Level
 Kiss of Death            Conj/Necr      0%         2d5       99%         1
 Sandblast                Erth           0%         2d4       99%         1
 Shock                    Conj/Air       0%         1d3       99%         1
 Slow                     Hex            0%         N/A       99%         1
 Lesser Beckoning         Tloc           0%         N/A       100%        2
 Passwall                 Tmut/Erth      0%         N/A       100%        2
 Confusing Touch          Hex            0%         N/A       100%        3
 Frozen Ramparts          Ice            0%         1d1       100%        3
 Gell's Gravitas          Tloc           0%         N/A       100%        3
 Stone Arrow              Conj/Erth      0%         3d7       100%        3
 Swiftness                Air            0%         N/A       100%        3
 Teleport Other           Tloc           0%         N/A       100%        3
 Vampiric Draining        Necr           0%         2d6       100%        3
 Airstrike                Air            0%         2d(0-16)  100%        4
 Dispel Undead            Necr           0%         3d6       100%        4
 Petrify                  Tmut/Erth      0%         N/A       100%        4
 Metabolic Englaciation   Hex/Ice        0%         N/A       100%        5


Dungeon Overview and Level Annotations

Branches:
Dungeon (11/15)            Temple (1/1) D:6             Orc (0/2) D:11
   Lair: D:8-11

Altars:
Ashenzari
Cheibriados
Dithmenos
Elyvilon
Fedhas
Gozag
Hepliaklqana
Kikubaaqudgha
Makhleb
Nemelex Xobeh
Okawaru
Qazlal
Ru
Sif Muna
Trog
Uskayaw
Vehumet
Wu Jian
Xom
Yredelemnul
Zin
The Shining One

Shops:
D:4 *

Annotations:
D:5 3 runed translucent doors, GordonOverkill's ghost, novice OpDe


Innate Abilities, Weirdness & Mutations

You are immune to sickness and miasma.
Your stone body is resilient. (AC +8)
You are immune to poison.
You resist negative energy. (rN+)
You are resistant to electric shocks. (rElec)
You are resistant to unholy torment.
You are immune to petrification.


Message History

Something hits you but does no damage.
There is an open door here.
Something hits you. Something hits you.
There is an open door here.
Something hits you. Something hits you!
* * * LOW HITPOINT WARNING * * *
You block something's attack. Something hits you but does no damage.
There is an open door here.
Something hits you but does no damage. Something hits you but does no damage.
Something hits you.
* * * LOW HITPOINT WARNING * * *
Something hits you.
* * * LOW HITPOINT WARNING * * *
Something hits you!
* * * LOW HITPOINT WARNING * * *
Something hits you but does no damage. x2; You block something's attack.
Something hits you but does no damage. x3
It was a potion of curing.
You feel better. Something hits you but does no damage. Something hits you.
* * * LOW HITPOINT WARNING * * *
Something hits you.
* * * LOW HITPOINT WARNING * * *
There is an open door here.
Unknown command.
Something hits you but does no damage. x2
Something hits you but does no damage.
You hit something. Something hits you but does no damage.
Something hits you but does no damage. Something hits you but does no damage.
Something hits you but does no damage. x2
You hit something. Something hits you.
* * * LOW HITPOINT WARNING * * *
Something hits you but does no damage.
The orc warrior attacks as you move away!
The orc warrior hits you with a +0 war axe!
You die...

#.# #8...8##.## ##### #.#
##.....##.=## ## #.#
#8.._.......# #. #.#
##.....####'### ###' #.#
#8...8#......# #... #.#
##...##......# #... #.#
##8##.......#######... #.#
###..[.....'....##...
#.#######..@o.....####..'...
#.##......#####...# ####...
#.##......# #...# #...
##.##..###.# ##### ####
#..##..###.##
#..##..##...#######
#........._.......# ####
#.#######...##..#.# ####...
###'#### ##.###..#.###
#......


You could see an orc warrior.

Vanquished Creatures
  A two-headed ogre (D:9)
  An ugly thing (D:10)
  Joseph (D:9)
  Maggie (D:6)
  2 trolls (D:9)
  A wyvern (D:8)
  A vampire (D:8)
  14 yaks
  2 steam dragons (D:10)
  2 acid dragons
  A water moccasin (D:6)
  Duvessa (Temple)
  2 ice beasts (D:6)
  5 orc warriors
  A sky beast (D:7)
  2 centaurs
  3 ogres
  A phantom (D:5)
  Blork the orc (D:6)
  A kobold brigand (D:9)
  A bullfrog (D:8)
  2 gnoll sergeants
  A scorpion (D:7)
  Dowan (Temple)
  5 killer bees (D:9)
  A howler monkey (D:6)
  A jelly (D:7)
  6 hounds
  5 orc priests
  3 iguanas
  A sleepcap (D:5)
  5 orc wizards
  10 gnolls
  8 adders
  4 shadow imps
  A white imp (D:8)
  2 ufetubi
  A worm (D:3)
  A dart slug (D:1)
  The ghost of GordonOverkill the Sneak, a weakling VSDe (D:7)
  37 orcs
  2 endoplasms
  6 giant cockroaches
  7 goblins
  8 hobgoblins
  9 jackals
  13 kobolds
  3 quokkas
  4 ball pythons
  8 bats
  4 frilled lizards
  8 rats
213 creatures vanquished.

Vanquished Creatures (others)
  An orc wizard (D:5)
1 creature vanquished.

Grand Total: 214 creatures vanquished

Notes
Turn   | Place    | Note
-------+----------+-------------------------------------------
     0 | D:1      | AdnanSaban the Gargoyle Fighter began the quest for the
                  | Orb.
     0 | D:1      | Reached XP level 1. HP: 14/14 MP: 1/1
   151 | D:1      | Reached XP level 2. HP: 13/19 MP: 2/2
   616 | D:1      | Found a faded altar of an unknown god.
  1035 | D:2      | Reached XP level 3. HP: 24/24 MP: 3/3
  1138 | D:2      | Found a sacrificial altar of Ru.
  1461 | D:2      | Reached XP level 4. HP: 22/29 MP: 4/4
  1529 | D:2      | Reached skill level 3 in Maces & Flails
  2082 | D:3      | Found a bloodstained altar of Trog.
  2235 | D:3      | Reached XP level 5. HP: 29/33 MP: 5/5
  2333 | D:3      | Noticed a +0 short sword
  2333 | D:3      | Noticed a +0 falchion
  2333 | D:3      | Noticed a +0 spear
  2333 | D:3      | Noticed a +0 dagger
  2334 | D:3      | Noticed a +0 spear
  2334 | D:3      | Noticed a +0 short sword
  2334 | D:3      | Noticed a +0 falchion
  2335 | D:3      | Noticed a +0 dagger
  2336 | D:3      | Found a hide-covered altar of Uskayaw.
  2441 | D:4      | Noticed an ogre
  2473 | D:4      | Found a blossoming altar of Fedhas.
  2494 | D:3      | Reached skill level 1 in Dodging
  2622 | D:3      | Killed an ogre
  2623 | D:3      | Reached skill level 4 in Maces & Flails
  2623 | D:3      | Reached XP level 6. HP: 38/38 MP: 6/6
  2759 | D:4      | Found a basalt altar of Yredelemnul.
  2865 | D:4      | Reached skill level 1 in Stealth
  3270 | D:4      | Found Vuklen's Neck Hole.
  3455 | D:5      | Entered Level 5 of the Dungeon
  3472 | D:5      | Reached skill level 5 in Maces & Flails
  3472 | D:5      | Reached skill level 5 in Armour
  3472 | D:5      | Reached XP level 7. HP: 32/44 MP: 7/7
  3697 | D:5      | Found a runed translucent gate.
  3697 | D:5      | Found a runed translucent gate.
  3697 | D:5      | Found a runed translucent gate.
  3765 | D:5      | Noticed GordonOverkill's ghost (novice OpDe)
  3865 | D:5      | Found a sacrificial altar of Ru.
  4034 | D:5      | Found a broken altar of Ashenzari.
  4407 | D:5      | Reached skill level 6 in Maces & Flails
  4677 | D:6      | Reached XP level 8. HP: 48/48 MP: 8/8
  4731 | D:6      | Found a runed translucent gate.
  4731 | D:6      | Found a runed translucent gate.
  4733 | D:6      | Found a runed translucent gate.
  4733 | D:6      | Noticed GordonOverkill's ghost (weakling VSDe)
  4902 | D:6      | Reached skill level 5 in Fighting
  4902 | D:6      | Reached skill level 7 in Maces & Flails
  5053 | D:6      | Found a staircase to the Ecumenical Temple.
  5054 | D:6      | Noticed Dowan
  5057 | D:6      | Noticed Duvessa
  5061 | Temple   | Entered the Ecumenical Temple
  5104 | Temple   | Became a worshipper of Warmaster Okawaru
  5236 | Temple   | Killed Duvessa
  5237 | Temple   | Killed Dowan
  5457 | D:6      | Noticed Blork the orc
  5467 | D:6      | Killed Blork the orc
  5468 | D:6      | Reached XP level 9. HP: 44/54 MP: 9/9
  5569 | D:6      | Noticed Maggie
  5590 | D:6      | Killed Maggie
  5590 | D:6      | Reached * piety under Okawaru
  5591 | D:6      | Reached skill level 8 in Maces & Flails
  5591 | D:6      | Reached skill level 5 in Shields
  7305 | D:7      | Killed GordonOverkill's ghost
  7624 | D:7      | HP: 1/55 [yak (11)]
  7625 | D:7      | Reached ** piety under Okawaru
  7626 | D:7      | Reached skill level 9 in Maces & Flails
  8120 | D:7      | Reached XP level 10. HP: 44/61 MP: 10/10
  8349 | D:8      | Reached *** piety under Okawaru
  8432 | D:8      | Found a shimmering blue altar of Sif Muna.
  8489 | D:8      | Found a stormy altar of Qazlal.
  9200 | D:9      | Reached skill level 10 in Maces & Flails
  9250 | D:9      | Noticed a two-headed ogre
  9768 | D:9      | Reached skill level 1 in Throwing
 10109 | D:9      | Reached **** piety under Okawaru
 10117 | D:9      | Noticed Joseph
 10188 | D:9      | Killed a two-headed ogre
 10306 | D:9      | Killed Joseph
 10307 | D:9      | Reached XP level 11. HP: 35/67 MP: 11/11
 10541 | D:9      | Reached skill level 11 in Maces & Flails
 10541 | D:9      | Reached skill level 10 in Armour
 11087 | D:10     | Entered Level 10 of the Dungeon
 11193 | D:10     | Found a snail-covered altar of Cheibriados.
 11261 | D:10     | Found an ornate altar of the Wu Jian Council.
 11288 | D:10     | Noticed a white ugly thing
 11299 | D:10     | Killed a white ugly thing
 11322 | D:10     | Reached ***** piety under Okawaru
 11523 | D:10     | Found a shadowy altar of Dithmenos.
 11904 | D:11     | Found a staircase to the Orcish Mines.
 11997 | D:10     | HP: 1/68 [something (8)]
 12011 | D:10     | Slain by an orc warrior

Illustrated notes

Levels and vault maps discovered:
D:1:      sevenhm_arrival_forest_fort_large_2, layout_loops_ring,
          hellmonk_ecumenical_altar_heavens_door
D:2:      layout_basic, basic_altar
D:3:      layout_basic, mainiacjoe_overflow_boulevard, nicolae_uskayaw_en_pointe
D:4:      layout_rooms, mainiacjoe_overflow_paths,
          mainiacjoe_overflow_cross_hatched, serial_co_window_serial,
          co_window_paths_a, co_window_corner_a, co_window_corner_a,
          co_window_cross_1, co_window_paths_a, co_window_paths_a,
          co_window_corner_a, co_window_of_opportunity_b,
          co_window_unsneaky_path_d, co_window_unsneaky_path_d,
          co_window_corner_b, glass_columns_b, glass_columns_b, glass_columns_a,
          glass_columns_a, glass_columns_a, nicolae_shop_sticking_my_neck_out
D:5:      layout_basic, nicolae_ru_great_annihilating_truth,
          overflow_temple_1_default, gammafunk_ghost_icy
D:6:      layout_loops_cross, minmay_temple_entry_crystal_x,
          gammafunk_ghost_split, uniq_maggie, uniq_blork_the_orc, uniq_duvessa
D:7:      layout_loops_ring, minmay_misc_feat_hallway
D:8:      layout_loops_ring, kennysheep_little_box, general_overflow_altar
D:9:      layout_roguey, serial_rivers, chequers_serial_rivers_large_a,
          chequers_serial_rivers_large_b, chequers_serial_rivers_room_b,
          chequers_serial_rivers_small_3, chequers_serial_rivers_micro_c,
          minmay_misc_feat_plants, kennysheep_generic_room_9, uniq_joseph
D:10:     layout_roguey, mainiacjoe_overflow_surrounded_room,
          nicolae_overflow_crystal_walls, nzn_wu_jian_council_hall
D:11:     layout_grid_maze, lair_entry_dummy, david_orc_3, serial_shops, shop,
          shop
Temple:   minmay_temple_curvy_loop

Skill      XL: |  1  2  3  4  5  6  7  8  9 10 11 |
---------------+----------------------------------+-----
Fighting       | 4 5 6 7 |  7.8
Maces & Flails | 3 4 5 6 7 9 10 11 | 11.0
Armour         | 4 5 6 8 9 10 | 10.3
Dodging        | 1 2 |  2.4
Stealth        | 1 |  1.6
Shields        | 4 5 6 7 |  7.2
Throwing       | 1 |  1.7

Action                     |  1- 3 |  4- 6 |  7- 9 | 10-12 || total
---------------------------+-------+-------+-------+-------++-------
  Melee: Flail             |   136 |   187 |   478 |   325 ||  1126
         Morningstar       |       |       |       |    49 ||    49
  Throw: Dart              |       |     4 |     8 |    19 ||    31
    Use: Potion            |       |       |       |     1 ||     1
   Stab: Paralysed         |       |       |     1 |       ||     1
 Armour: Scale mail        |    86 |   121 |    54 |       ||   261
         Plate armour      |       |       |   308 |   270 ||   578
  Dodge: Dodged            |    78 |   106 |   187 |   119 ||   490
  Block: Buckler           |    30 |    46 |   108 |    94 ||   278

Table legend: (Time is in decaauts)
 A = Elapsed time spent in this place.
 B = Non-inter-level travel time spent in this place.
 C = Inter-level travel time spent in this place.
 D = Time resting spent in this place.
 E = Time spent auto-exploring this place.
 F = Levels seen in this place.
 G = Mean time per level.
                   A        B        C        D        E       F      G
               +--------+--------+--------+--------+--------+-----+--------+
         Total |  12160 |  11340 |    820 |   1374 |   7451 |  12 | 1013.3 |
       Dungeon |  11948 |  11204 |    744 |   1301 |   7451 |  11 | 1086.2 |
        Temple |    211 |    135 |     76 |     73 |      0 |   1 |  211.0 |
               +--------+--------+--------+--------+--------+-----+--------+

Top non-repeatable levels by time:
     D:9: 1762 daAuts
     D:7: 1651 daAuts
     D:6: 1531 daAuts
     D:8: 1457 daAuts
     D:5: 1127 daAuts
     D:1: 959 daAuts
     D:2: 951 daAuts
     D:4: 924 daAuts
    D:10: 865 daAuts
     D:3: 709 daAuts
  Temple: 211 daAuts
    D:11: 8 daAuts
